 Dungeon Crawl Stone Soup version 0.31-a0-507-gbafd7f5274 (webtiles) character file.

Game seed: 11754582459654612677

1477 LobsterGuardian the Cleaver (level 8, -1/48 HPs)
             Began as a Tengu Berserker on Aug 9, 2023.
             Was a Priest of Zin.
             Slain by a polar bear (8 damage)
             ... created by the rage of Trog
             ... on level 4 of the Dungeon.
             The game lasted 00:16:04 (5309 turns).

LobsterGuardian the Cleaver (Tengu Berserker)       Turns: 5309, Time: 00:16:05

Health: -1/48      AC: 19    Str: 17 (20) XL:     8   Next: 79%
Magic:  11/12      EV:  7    Int:  9      God:    Zin [***...]
Gold:   202        SH:  0    Dex: 15      Spells: 7/7 levels left

rFire   . . .        l - +3 war axe
rCold   . . .        (no shield)
rNeg    . . .        n - +0 plate armour
rPois   ∞            (helmet restricted)
rElec   .            i - +2 cloak
rCorr   .            (no gloves)
SInv    .            (boots unavailable)
Will    .....        r - amulet of magic regeneration Stlth
                     h - +4 ring of slaying
HPRegen 0.28/turn    k - +4 ring of protection
MPRegen 0.53/turn

%: no passive effects
@: vitalised, flying quickly and evasively, hasted, studying Armour, very quick
A: beak, talons 3, nimble flight
a: Renounce Religion, Recite, Vitalisation, Imprison, Donate Gold


You were on level 4 of the Dungeon.
You worshipped Zin.
Zin was most pleased with you.
You visited 1 branch of the dungeon, and saw 7 of its levels.

You collected 443 gold pieces.
You spent 108 gold pieces at shops.
You donated 133 gold pieces to Zin.

Inventory:

Hand Weapons
 l - a +3 war axe (weapon)
Missiles
 q - a throwing net
Armour
 i - a +2 cloak (worn)
 n - a +0 plate armour (worn)
Jewellery
 h - a +4 ring of slaying (left hand)
 j - a ring of see invisible
 k - a +4 ring of protection (right hand)
 r - an amulet of magic regeneration (around neck)
Wands
 v - a wand of flame (2)
Scrolls
 a - a scroll of revelation {unknown}
 o - a scroll of fog
 u - a scroll of poison {unknown}
Potions
 b - a potion of brilliance {unknown}
 c - 3 potions of degeneration
 f - a potion of heal wounds {unknown}
 g - a potion of attraction


   Skills:
 + Level 4.6 Fighting
 * Level 9.1 Axes
 + Level 4.5 Armour
 + Level 3.6 Dodging
 * Level 4.0 Invocations


You had 7 spell levels left.
You didn't know any spells.
Your spell library contained the following spells:

 Spells                   Type           Power      Damage    Failure   Level
 Kiss of Death            Conj/Necr      0%         2d5       100%        1
 Summon Small Mammal      Summ           0%         N/A       100%        1
 Ensorcelled Hibernation  Hex/Ice        0%         N/A       100%        2
 Passwall                 Tmut/Erth      0%         N/A       100%        2
 Static Discharge         Conj/Air       0%         2-2/arc   100%        2
 Call Canine Familiar     Summ           0%         N/A       100%        3
 Confusing Touch          Hex            0%         N/A       100%        3
 Summon Guardian Golem    Hex/Summ       0%         N/A       100%        3
 Swiftness                Air            0%         N/A       100%        3
 Airstrike                Air            0%         2d(0-16)  100%        4
 Dispel Undead            Necr           0%         3d6       100%        4
 Summon Lightning Spire   Summ/Air       0%         N/A       100%        4


Dungeon Overview and Level Annotations

Branches:
Dungeon (7/15)             Temple (0/1) D:5

Altars:
Ashenzari
Elyvilon
Gozag
Hepliaklqana
Okawaru
Ru
Vehumet
Wu Jian
Xom
Yredelemnul
Zin

Shops:
D:5 *   D:6 (

Annotations:
D:5 1 runed translucent door, Pokonic1's ghost, amateur DsIE
D:6 2 transporters, bahustanut's ghost, novice OgSh


Innate Abilities, Weirdness & Mutations

You have a beak for a mouth.
You have claws for feet.
Your magical nature lets you fly swiftly and evasively.


Message History

You hear an angry growl. x26
Your extra speed is starting to run out.
You start resting.
You hear an angry growl. x3
You feel yourself slow down.
You start resting.
Trog sends monsters to punish you. 2 black bears and 2 polar bears come into view.
Okay, then.
You feel yourself speed up. Zin grants you divine stamina.
Unknown command.
You slash the polar bear! You claw the polar bear.
The polar bear is lightly wounded.
You slash the polar bear! The polar bear bites you.
The polar bear claws you but does no damage. x2
The polar bear bites you.
The polar bear claws you but does no damage.
The polar bear barely misses you.
The polar bear bites you but does no damage.
The polar bear claws you but does no damage. x2
The black bear bites you!
The black bear claws you but does no damage.
The black bear barely misses you. The polar bear bites you!!
* * * LOW HITPOINT WARNING * * *
The polar bear barely misses you.
The polar bear claws you but does no damage.
You slash the polar bear!
You claw the polar bear, but do no damage.
You peck the polar bear.
The polar bear is moderately wounded.
You slash the black bear! You closely miss the polar bear.
The black bear bites you but does no damage.
The black bear claws you but does no damage.
The black bear closely misses you. The polar bear bites you.
* * * LOW HITPOINT WARNING * * *
The polar bear barely misses you.
The polar bear claws you but does no damage.
The polar bear bites you!
You die...

#.)# ### ###..# ####
.....### ##..# ###....#
#..## #..### #..## #..#
##...# #..# ##....#
#..# ##########.)...#
#.)###......hh@.#...#
###............hh###..#
................## #..#
................# #.##
................# ###
.........(......##
#####............#
..#######........#
..###...##.....###


You could see 2 polar bears and 2 black bears.

Vanquished Creatures
  3 polar bears
  Sigmund (D:2)
  Eustachio (D:6)
  3 black bears
  2 centaurs (D:6)
  A bullfrog (D:6)
  5 wights
  A howler monkey (D:6)
  6 hounds
  2 jellies
  An orc priest (D:6)
  A sleepcap (D:5)
  An iguana (D:6)
  An orc wizard (D:6)
  7 adders
  3 gnolls (D:5)
  A shadow imp (D:5)
  A white imp (D:6)
  2 ufetubi (D:6)
  A dart slug (D:1)
  4 worms
  5 orcs
  4 ball pythons
  7 bats
  3 endoplasms
  4 giant cockroaches
  A goblin (D:1)
  6 hobgoblins
  4 jackals (D:4)
  3 quokkas
  4 frilled lizards (D:1)
  8 kobolds
  4 rats
101 creatures vanquished.

Notes
Turn   | Place    | Note
-------+----------+-------------------------------------------
     0 | D:1      | LobsterGuardian the Tengu Berserker began the quest for the
                  | Orb.
     0 | D:1      | Reached XP level 1. HP: 14/14 MP: 2/2
   157 | D:1      | Reached XP level 2. HP: 18/19 MP: 3/3
   284 | D:1      | Reached skill level 4 in Axes
   678 | D:2      | Reached ** piety under Trog
   694 | D:2      | Reached XP level 3. HP: 23/23 MP: 4/4
   815 | D:2      | Noticed Sigmund
   828 | D:2      | Killed Sigmund
   829 | D:2      | Reached skill level 5 in Axes
   829 | D:2      | Reached XP level 4. HP: 29/29 MP: 5/5
   829 | D:2      | Gained mutation: Your magical nature lets you fly swiftly
                  | and evasively. [Tengu growth]
   829 | D:2      | Reached XP level 5. HP: 33/33 MP: 6/6
   848 | D:2      | Found an iron altar of Okawaru.
  1282 | D:1      | Upgraded the game from 0.31-a0-496-g6f97920a28 to
                  | 0.31-a0-507-gbafd7f5274
  1393 | D:3      | Reached skill level 6 in Axes
  1429 | D:3      | Reached XP level 6. HP: 38/38 MP: 7/7
  1458 | D:3      | You are sucked into a shaft and drop 2 floors!
  1458 | D:5      | Entered Level 5 of the Dungeon
  1458 | D:5      | Found a glowing silver altar of Zin.
  1466 | D:5      | Fell from the grace of Trog
  1466 | D:5      | Became a worshipper of Zin the Law-Giver
  1466 | D:5      | Reached * piety under Zin
  1467 | D:5      | Donated 89 gold pieces to Zin
  1574 | D:5      | Found a basalt altar of Yredelemnul.
  1912 | D:4      | Noticed a black bear
  1921 | D:4      | Killed a black bear
  1922 | D:4      | Reached skill level 7 in Axes
  1922 | D:4      | Reached XP level 7. HP: 33/43 MP: 8/8
  1961 | D:4      | Reached ** piety under Zin
  1992 | D:4      | Reached skill level 1 in Invocations
  2239 | D:4      | Found an opulent altar of Gozag.
  2887 | D:5      | Found a sacrificial altar of Ru.
  2940 | D:5      | Found a staircase to the Ecumenical Temple.
  2973 | D:5      | Reached *** piety under Zin
  3072 | D:5      | Noticed Pokonic1's ghost (amateur DsIE)
  3074 | D:5      | Found a runed translucent door.
  3089 | D:5      | Found Kusch's Assorted Antiques.
  3103 | D:5      | Bought a short brass wand for 108 gold pieces
  3461 | D:5      | Reached skill level 8 in Axes
  3500 | D:6      | Reached XP level 8. HP: 48/48 MP: 10/10
  3506 | D:6      | Found a transporter.
  3511 | D:6      | Found a transporter.
  3512 | D:6      | Noticed bahustanut's ghost (novice OgSh)
  3513 | D:6      | Noticed a queen bee
  3566 | D:6      | Found a shimmering altar of Xom.
  3568 | D:6      | Found a white marble altar of Elyvilon.
  3603 | D:6      | Found Joguarufej's Hydra Hut.
  3607 | D:6      | Noticed a six-headed hydra
  3645 | D:6      | Noticed a polar bear
  3645 | D:6      | Noticed a polar bear
  3645 | D:6      | Noticed a polar bear
  3863 | D:6      | Noticed Eustachio
  3878 | D:6      | Killed a polar bear
  3882 | D:6      | Killed Eustachio
  3886 | D:6      | HP: 2/48 [wight/+3 hand axe (8)]
  3897 | D:6      | Identified a scroll of acquirement
  3897 | D:6      | Acquired a manual of Armour
  3943 | D:5      | Killed a polar bear
  4199 | D:6      | Killed a polar bear
  4296 | D:6      | Found a broken altar of Ashenzari.
  4313 | D:6      | Found a hazy altar of Hepliaklqana.
  4525 | D:6      | Found a radiant altar of Vehumet.
  4572 | D:6      | Found an ornate altar of the Wu Jian Council.
  4606 | D:6      | Reached skill level 9 in Axes
  4630 | D:6      | Found an iron altar of Okawaru.
  4770 | D:6      | Reached **** piety under Zin
  4937 | D:7      | Noticed a komodo dragon
  5200 | D:4      | Noticed a polar bear
  5200 | D:4      | Noticed a polar bear
  5306 | D:4      | Noticed a polar bear
  5306 | D:4      | Noticed a polar bear
  5309 | D:4      | Slain by a polar bear

Illustrated notes

Levels and vault maps discovered:
D:1:      minmay_arrival_hallway, layout_loops_ring, minivault_25
D:2:      layout_basic, basic_altar, uniq_sigmund
D:3:      layout_rooms
D:4:      layout_cave_pods, mainiacjoe_overflow_six_doors_small,
          hangedman_decor_peaks_small, hangedman_glass_teeth
D:5:      layout_basic, mainiacjoe_overflow_tiny_flanked,
          yredelemnul_altar_generic, mainiacjoe_overflow_cross_hatched,
          minmay_temple_entry_stoned_glass, serial_shops,
          nicolae_shop_tiny_glass, hellmonk_ghost_happy_afterlife
D:6:      layout_loops_ring, mainiacjoe_overflow_alcove_1, fiery_altar_vehumet,
          nicolae_wu_jian_wuxing_cycle, old_standard_altar,
          overflow_temple_1_default, brannock_xom_greatest_gift,
          amcnicky_altar_gilded, gammafunk_ghost_hive, doesnt_shop_hydraphobe,
          uniq_eustachio
D:7:      layout_cave_pools, lemuel_coloured_pillars_altar,
          kennysheep_mini_moat, serial_shops, shop

Skill      XL: |  1  2  3  4  5  6  7  8 |
---------------+-------------------------+-----
Axes           | 4 5 6 7 8 9 |  9.1
Fighting       | 4 |  4.6
Dodging        | 3 |  3.6
Invocations    | 2 4 |  4.0
Armour         | 3 4 |  4.5

Action                     |  1- 3 |  4- 6 |  7- 9 || total
---------------------------+-------+-------+-------++-------
  Melee: Hand axe          |    56 |    68 |   101 ||   225
         Kick              |    12 |    18 |    36 ||    66
         Peck              |     4 |    10 |    20 ||    34
         Punch             |     1 |     3 |     1 ||     5
         War axe           |       |       |     6 ||     6
  Throw: Throwing net      |       |       |     1 ||     1
 Invoke: Berserk           |     2 |       |       ||     2
         Recite            |       |     4 |    12 ||    16
         Donate Gold       |       |     1 |       ||     1
         Vitalisation      |       |       |     3 ||     3
  Evoke: Wand              |       |     2 |    15 ||    17
    Use: Scroll            |     2 |     2 |     6 ||    10
         Potion            |       |     1 |     8 ||     9
   Stab: Sleeping          |     1 |       |       ||     1
         Confused          |       |     1 |       ||     1
         Held in net/web   |       |       |     1 ||     1
 Armour: Animal skin       |    12 |     2 |       ||    14
         Plate armour      |       |    35 |   136 ||   171
  Dodge: Dodged            |    30 |    23 |    68 ||   121

Table legend: (Time is in decaauts)
 A = Elapsed time spent in this place.
 B = Non-inter-level travel time spent in this place.
 C = Inter-level travel time spent in this place.
 D = Time resting spent in this place.
 E = Time spent auto-exploring this place.
 F = Levels seen in this place.
 G = Mean time per level.
                   A        B        C        D        E       F      G
               +--------+--------+--------+--------+--------+-----+--------+
         Total |   4961 |   4498 |    463 |     75 |   3661 |   7 |  708.7 |
       Dungeon |   4961 |   4498 |    463 |     75 |   3661 |   7 |  708.7 |
               +--------+--------+--------+--------+--------+-----+--------+

Top non-repeatable levels by time:
     D:5: 1170 daAuts
     D:4: 988 daAuts
     D:6: 948 daAuts
     D:1: 753 daAuts
     D:2: 663 daAuts
     D:3: 434 daAuts
     D:7: 1 daAuts
